 Dungeon Crawl Stone Soup version 0.30-a0-222-ge547ba4400 (webtiles) character file.

Game seed: 8890614865923140113

23113 lunkers the Fighter (level 13, 0/122 HPs)
             Began as a Meteoran Wanderer on Oct 8, 2022.
             Was a High Priest of Ashenzari.
             Killed from afar by a steam dragon (15 damage)
             ... with a ball of steam
             ... on level 5 of the Lair of Beasts.
             The game lasted 00:19:52 (4710 turns).

lunkers the Fighter (Meteoran Wanderer)             Turns: 4710, Time: 00:19:53

Health: 0/122      AC: 15    Str: 17    XL:     13   Next: 66%
Magic:  14/14      EV: 18    Int: 17    God:    Ashenzari [*****.]
Gold:   413        SH: 15    Dex: 16    Spells: 10/12 levels left

rFire   . . .      SeeInvis +    A - +6 trident "Behold Eternity" {distort, Range, Melee} (curse)
rCold   . . .      Faith    .    K - +2 kite shield "Elitism of Ashenzari" {Cun, Elem} (curse)
rNeg    . . .      Spirit   .    b - +0 scale mail of Ashenzari's Paranoia {Elem, Comp} (curse)
rPois   .          Reflect  .    k - +2 helmet "Negation of Ashenzari" {Int+3, Melee, Cun} (curse)
rElec   .          Harm     .    o - +0 cloak "Ensconced Malaise" {Comp, Bglg} (curse)
rCorr   .          Rampage  .    r - +0 pair of gloves of Cremastomancy {Melee, Cun} (curse)
Will    +....      Clarity  +    (no boots)
Stlth   +.........               C - amulet of Ashenzari's Idealism {Regen+, Cun, Fort} (curse)
HPRegen 1.20/turn                l - ring of the Oracular Seer {Wiz, Cun, Fort} (curse)
MPRegen 0.14/turn                u - ring of Ashenzari's Omen {Fly, Range, Elem} (curse)

@: about to teleport, flying, glowing, studying Long Blades
A: sense surroundings 2, otherworldly, glowing, explore regen
a: Renounce Religion, Shatter the Chains


You were on level 5 of the Lair of Beasts.
You worshipped Ashenzari.
Ashenzari was extremely pleased with you.
You visited 2 branches of the dungeon, and saw 15 of its levels.

You collected 413 gold pieces.

Inventory:

Hand Weapons
 d - a +4 scimitar of flaming
 A - the cursed +6 trident "Behold Eternity" (weapon) {distort, Range, Melee}
   (You took it off a gnoll sergeant on level 7 of the Dungeon)

   It warps and distorts space around it, and may blink, banish, or inflict
   extra damage upon those it strikes.
   Unwielding it can cause banishment or high damage.
   It has a curse which improves the following skills: Ranged Combat: Ranged
   Weapons and Throwing.
   Melee Combat: Short Blades, Long Blades, Axes, Maces & Flails, Polearms,
   Staves and Unarmed Combat.
Missiles
 m - 2 throwing nets
 E - a curare-tipped dart
Armour
 b - the cursed +0 scale mail of Ashenzari's Paranoia (worn) {Elem, Comp}

   It has a curse which improves the following skills: Elements: Fire Magic, Ice
   Magic, Air Magic and Earth Magic.
   Companions: Summonings and Necromancy.
 e - a +0 robe of fire resistance
 k - the cursed +2 helmet "Negation of Ashenzari" (worn) {Int+3, Melee, Cun}
   (You found it on level 2 of the Dungeon)

   It has a curse which improves the following skills: Melee Combat: Short
   Blades, Long Blades, Axes, Maces & Flails, Polearms, Staves and Unarmed
   Combat.
   Cunning:   Dodging and Stealth.
 o - the cursed +0 cloak "Ensconced Malaise" (worn) {Comp, Bglg}
   (You found it on level 4 of the Dungeon)

   It has a curse which improves the following skills: Companions: Summonings
   and Necromancy.
   Beguiling: Conjurations, Hexes and Translocations.
 r - the cursed +0 pair of gloves of Cremastomancy (worn) {Melee, Cun}
   (You found it on level 5 of the Dungeon)

   It has a curse which improves the following skills: Melee Combat: Short
   Blades, Long Blades, Axes, Maces & Flails, Polearms, Staves and Unarmed
   Combat.
   Cunning:   Dodging and Stealth.
 B - a +0 buckler
 K - the cursed +2 kite shield "Elitism of Ashenzari" (worn) {Cun, Elem}
   (You took it off a gnoll sergeant on level 9 of the Dungeon)

   It has a curse which improves the following skills: Cunning: Dodging and
   Stealth.
   Elements:  Fire Magic, Ice Magic, Air Magic and Earth Magic.
Jewellery
 a - a +6 ring of strength
 c - a ring of protection from cold
 l - the cursed ring of the Oracular Seer (left hand) {Wiz, Cun, Fort}
   (You found it on level 3 of the Dungeon)

   [ring of wizardry]

   It improves your spell success rate.
   It has a curse which improves the following skills: Cunning: Dodging and
   Stealth.
   Fortitude: Armour and Shields.
 u - the cursed ring of Ashenzari's Omen (right hand) {Fly, Range, Elem}
   (You found it on level 6 of the Dungeon)

   [ring of flight]

   Fly:       It grants you flight.
   It has a curse which improves the following skills: Ranged Combat: Ranged
   Weapons and Throwing.
   Elements:  Fire Magic, Ice Magic, Air Magic and Earth Magic.
 C - the cursed amulet of Ashenzari's Idealism (around neck) {Regen+, Cun, Fort}
   (You took it off an orc wizard on level 7 of the Dungeon)

   [amulet of regeneration]

   Regen:     It increases your rate of health regeneration.
   It has a curse which improves the following skills: Cunning: Dodging and
   Stealth.
   Fortitude: Armour and Shields.
 G - an amulet of reflection
Wands
 j - a wand of charming (12)
 n - a wand of digging (5)
 v - a wand of mindburst (27)
 I - a wand of flame (18)
Scrolls
 f - 2 scrolls of silence
 g - 2 scrolls of brand weapon
 t - a scroll of amnesia
 x - a scroll of summoning
 D - 2 scrolls of magic mapping
 J - 2 scrolls of butterflies
 L - a scroll of blinking
 M - a scroll of fear
Potions
 h - 4 potions of haste
 i - 3 potions of curing
 p - 5 potions of lignification
 s - 2 potions of mutation
 w - 3 potions of brilliance
 z - 2 potions of heal wounds
 F - a potion of ambrosia
 H - a potion of magic
Miscellaneous
 q - a phantom mirror


   Skills:
 + Level 13.5 Fighting
 - Level 7.8(13.8) Polearms
 - Level 10.4(15.6) Staves
 - Level 7.0(10.5) Armour
 + Level 11.7(18.1) Dodging
 - Level 1.0(4.2) Stealth
 + Level 11.3(14.7) Shields


You had 10 spell levels left.
You knew the following spells:

 Your Spells              Type           Power      Damage    Failure   Level
b - Passwall              Tmut/Erth      0%         N/A       50%         2

Your spell library contained the following spells:

 Spells                   Type           Power      Damage    Failure   Level
 Sandblast                Erth           4%         2d4       32%         1
 Foxfire                  Conj/Fire      4%         2x1d4     34%         1
 Slow                     Hex            0%         N/A       38%         1
 Cigotuvi's Dreadful Rot  Necr/Pois/Air  2%         N/A       50%         2
 Poisonous Vapours        Pois/Air       2%         N/A       50%         2
 Frozen Ramparts          Ice            4%         1d1       69%         3
 Stone Arrow              Conj/Erth      2%         3d7       71%         3
 Vampiric Draining        Necr           1%         2d6       71%         3
 Confusing Touch          Hex            0%         N/A       73%         3
 Mephitic Cloud           Conj/Pois/Air  1%         N/A       73%         3
 Animate Dead             Necr           1%         N/A       97%         4
 Summon Ice Beast         Ice/Summ       1%         N/A       97%         4
 Ice Form                 Ice/Tmut       1%         N/A       98%         4
 Fireball                 Conj/Fire      0%         3d3       100%        5
 Starburst                Conj/Fire      0%         6d3       100%        6
 Haunt                    Necr/Summ      0%         N/A       100%        7
 Infestation              Necr           0%         N/A       100%        8


Dungeon Overview and Level Annotations

Branches:
Dungeon (10/15) Zot: 2674  Temple (0/1) D:4            Lair (5/5) D:10 Zot: 1891
 Shoals (0/4) Lair:2        Snake (0/4) Lair:2        Slime (0/5) Lair:5
    Orc: D:9-12

Altars:
Ashenzari
Cheibriados
Gozag
Hepliaklqana
Kikubaaqudgha
Okawaru
Qazlal
Ru
Trog
Uskayaw
Xom
Yredelemnul
Zin
Jiyva

Annotations:
Abyss:1 Harold


Innate Abilities, Weirdness & Mutations

You passively map the area around you.
You are easily found by Zot.
You glow in the dark.
You regain HP and MP as you explore.


Message History

The noxious blast engulfs the komodo dragon but does no damage.
The komodo dragon is poisoned.
You hear an angry hiss. x3
As you read the scroll of teleportation, it crumbles to dust.
You feel strangely unstable.
You are engulfed in noxious fumes.
The komodo dragon hisses angrily.
The komodo dragon is engulfed in noxious fumes.
The komodo dragon bites you!
* * * LOW HITPOINT WARNING * * *
The steam dragon breathes steam at you. The ball of steam misses you.
You hear an angry hiss.
Unknown command.
The komodo dragon attacks as you move away!
The komodo dragon closely misses you.
A steam dragon comes into view.
You are engulfed in a cloud of scalding steam.
The steam dragon hisses angrily.
The komodo dragon is engulfed in noxious fumes.
The komodo dragon appears confused.
Reach: A) +6 trident "Behold Eternity" {distort, Range, Melee} (curse)
Press: ? - help, Dir - move target, f/p - komodo dragon
Aim: a komodo dragon (noxious fumes, almost dead, confused, poisoned, about 12% to evade the cursed +6 trident "Behold Eternity")
You hit the komodo dragon.
You kill the komodo dragon!
You are engulfed in a cloud of scalding steam.
Reach: A) +6 trident "Behold Eternity" {distort, Range, Melee} (curse)
Press: ? - help, Dir - move target, f - swamp drake
Aim: a swamp drake (water, catching its breath, about 28% to evade the cursed +6 trident "Behold Eternity")
You hit the swamp drake but do no damage.
The swamp drake blinks!
You are engulfed in a cloud of scalding steam.
The acid dragon barely misses you.
The acid dragon claws you but does no damage.
The steam dragon breathes steam at you. The ball of steam hits you!
* * * LOW HITPOINT WARNING * * *
The steam dragon breathes steam at you. The ball of steam hits you!
You die...

, , , * ~ * , ~
~ ~~,,* ,** *
♣.~ *,.♣♣..~*
,~ ~* **
♣~≈♣*,,♣D.~♣♣*∆
, * * ♣♣~~♣
♣..~.♣ *,~~
♣...≈**♣..≈.♣ ~
* *♣P§§♣*P.≈k♣
~ ~~ * *,
♣D~♣♣§~P♣*,~~
~~* **
♣.♣♣§§§§.♣ * ,
~~ ~* , *
♣P.P.D§@♣*∆,∆
~~ * ,*, * *
♣...P~D♣♣ ∆{
~~~ * ,* **
♣♣.♣.P.♣ ∆, ~ *
,,* ♣♣...≈♣
*∆∆,,{ * , *
♣..?~. ∆ ∆ ~
~~, * ♣♣..♣~~
** ,, ,* ♣♣..P~
* ~ ** ,,
♣♣♣..~~* , * **
*,~~ *


You could see a swamp drake (catching breath) and 2 acid dragons.

Vanquished Creatures
  A hydra (Lair:5)
  Erica (Lair:2)
  Nergalle (Lair:2)
  2 lindwurms (Lair:4)
  An oklob plant (Lair:5)
  Joseph (D:7)
  3 cane toads
  An unseen horror (D:10)
  A rime drake (Lair:2)
  A komodo dragon (Lair:5)
  A troll (D:10)
  2 shadows (D:10)
  A wraith (D:9)
  7 wyverns
  40 yaks
  Eustachio (D:4)
  A basilisk (Lair:2)
  2 steam dragons
  3 vampire mosquitoes (D:10)
  2 nagas
  A water moccasin (Lair:2)
  4 black bears
  An orc warrior (D:7)
  A sky beast (D:7)
  2 ice beasts (D:6)
  30 wolves
  An ogre (D:7)
  3 centaurs
  3 kobold brigands
  A phantom (D:5)
  8 bullfrogs
  3 gnoll sergeants
  A scorpion (D:5)
  34 killer bees
  A howler monkey (D:10)
  4 hounds
  A gnoll bouda (D:7)
  2 orc priests
  An iguana (D:6)
  8 orc wizards
  23 gnolls
  3 adders
  2 white imps (D:6)
  An ufetubus (D:5)
  2 dart slugs
  21 orcs
  5 ball pythons
  3 bats
  5 endoplasms
  5 giant cockroaches
  4 hobgoblins
  9 jackals
  2 quokkas
  A frilled lizard (D:1)
  3 goblins
  18 kobolds
  5 rats
295 creatures vanquished.

Vanquished Creatures (collateral kills)
  A necrophage (D:4)
  An orc priest (D:4)
  An orc wizard (D:7)
  2 gnolls (D:7)
  An orc (D:4)
  2 endoplasms (D:4)
8 creatures vanquished.

Vanquished Creatures (others)
  2 orcs (D:6)
  8 fungi
  42 plants
  10 toadstools (D:8)
62 creatures vanquished.

Grand Total: 365 creatures vanquished

Notes
Turn   | Place    | Note
-------+----------+-------------------------------------------
     0 | D:1      | lunkers the Meteoran Wanderer began the quest for the Orb.
     0 | D:1      | lunkers set off with the following items: a +3
                  | quarterstaff, a +0 scale mail, a scroll of fear.
     0 | D:1      | Reached XP level 1. HP: 22/22 MP: 2/2
    31 | D:1      | Found a faded altar of an unknown god.
    40 | D:1      | Prayed at the altar of an unknown god.
    40 | D:1      | Became a worshipper of Ashenzari the Shackled
    42 | D:1      | Reached * piety under Ashenzari
   128 | D:1      | Reached XP level 2. HP: 29/29 MP: 3/3
   212 | D:2      | Reached XP level 3. HP: 34/36 MP: 4/4
   356 | D:2      | Reached ** piety under Ashenzari
   377 | D:3      | Reached XP level 4. HP: 42/42 MP: 5/5
   556 | D:3      | Reached skill level 5 in Staves
   615 | D:3      | Found a stormy altar of Qazlal.
   615 | D:3      | Found a sacrificial altar of Ru.
   661 | D:4      | Reached XP level 5. HP: 33/48 MP: 6/6
   757 | D:4      | Found a staircase to the Ecumenical Temple.
   762 | D:4      | Noticed Eustachio
   762 | D:4      | Noticed a necrophage
   772 | D:4      | Killed a necrophage
   773 | D:4      | Reached XP level 6. HP: 53/56 MP: 7/7
   781 | D:4      | Killed Eustachio
   782 | D:4      | Reached XP level 7. HP: 52/61 MP: 8/8
   949 | D:5      | Entered Level 5 of the Dungeon
  1000 | D:5      | Found a snail-covered altar of Cheibriados.
  1039 | D:5      | Reached XP level 8. HP: 50/69 MP: 9/9
  1054 | D:5      | Found a bloodstained altar of Trog.
  1063 | D:5      | Reached skill level 10 in Staves
  1083 | D:5      | Reached *** piety under Ashenzari
  1123 | D:5      | Found an iron altar of Okawaru.
  1145 | D:5      | Learned a level 2 spell: Passwall
  1243 | D:5      | Identified the cursed +2 helmet "Negation of Ashenzari"
                  | {Int+3, Melee, Cun} (You found it on level 2 of the
                  | Dungeon)
  1243 | D:5      | Identified the cursed +0 pair of gloves of Cremastomancy
                  | {Melee, Cun} (You found it on level 5 of the Dungeon)
  1243 | D:5      | Identified the cursed +0 scale mail of Ashenzari's Paranoia
                  | {Elem, Comp}
  1329 | D:6      | Reached skill level 5 in Fighting
  1451 | D:7      | Noticed Joseph
  1471 | D:7      | Killed Joseph
  1472 | D:7      | Gained mutation: You passively map the area around you.
                  | [Meteoran growth]
  1472 | D:7      | Reached XP level 9. HP: 29/79 MP: 10/10
  1500 | D:7      | Reached skill level 6 in Fighting
  1500 | D:7      | Reached skill level 5 in Armour
  1505 | D:7      | Reached **** piety under Ashenzari
  1589 | D:7      | Reached skill level 5 in Dodging
  1707 | D:7      | Found a glowing silver altar of Zin.
  1815 | D:7      | Reached skill level 7 in Fighting
  1864 | D:6      | Reached XP level 10. HP: 59/91 MP: 11/11
  2003 | D:8      | Reached skill level 8 in Fighting
  2024 | D:8      | Found a shimmering altar of Xom.
  2025 | D:8      | Found a shimmering altar of Xom.
  2025 | D:8      | Found a shimmering altar of Xom.
  2026 | D:8      | Found a shimmering altar of Xom.
  2065 | D:8      | Found a hazy altar of Hepliaklqana.
  2268 | D:8      | Found an opulent altar of Gozag.
  2329 | D:9      | Reached skill level 9 in Fighting
  2541 | D:9      | Reached XP level 11. HP: 93/103 MP: 12/12
  2624 | D:9      | Reached skill level 10 in Fighting
  2821 | D:9      | Reached ***** piety under Ashenzari
  3031 | D:9      | Reached skill level 10 in Dodging
  3035 | D:10     | Entered Level 10 of the Dungeon
  3235 | D:10     | Found a basalt altar of Yredelemnul.
  3298 | D:10     | Reached skill level 11 in Fighting
  3298 | D:10     | Found an ancient bone altar of Kikubaaqudgha.
  3445 | D:10     | Reached skill level 1 in Polearms
  3445 | D:10     | Reached skill level 1 in Shields
  3482 | D:10     | Found a staircase to the Lair.
  3532 | Lair:1   | Entered Level 1 of the Lair of Beasts
  3608 | Lair:1   | Reached skill level 5 in Shields
  3611 | Lair:1   | Reached XP level 12. HP: 87/110 MP: 13/13
  3835 | Lair:2   | Found a staircase to the Snake Pit.
  3837 | Lair:2   | Noticed Erica
  3858 | Lair:2   | Reached skill level 5 in Polearms
  4006 | Lair:2   | Killed Erica
  4010 | Lair:2   | Noticed Nergalle
  4134 | Lair:2   | Found a staircase to the Shoals.
  4161 | Lair:2   | Reached skill level 10 in Shields
  4239 | Lair:2   | Reached XP level 13. HP: 66/116 MP: 14/14
  4276 | Lair:2   | Noticed Harold
  4290 | Lair:2   | Banished Harold
  4291 | Lair:2   | Reached skill level 12 in Fighting
  4348 | Lair:2   | Killed Nergalle
  4444 | Lair:3   | Reached skill level 13 in Fighting
  4577 | Lair:5   | Entered Level 5 of the Lair of Beasts
  4577 | Lair:5   | Noticed a four-headed hydra
  4621 | Lair:5   | Killed a four-headed hydra
  4633 | Lair:5   | Found a hide-covered altar of Uskayaw.
  4647 | Lair:5   | Found a viscous altar of Jiyva.
  4648 | Lair:5   | Found a staircase to the Slime Pits.
  4650 | Lair:5   | Noticed a death yak
  4650 | Lair:5   | Noticed a death yak
  4659 | Lair:5   | Noticed a death yak
  4662 | Lair:5   | Noticed a death yak
  4666 | Lair:5   | Noticed a death yak
  4668 | Lair:5   | Noticed a death yak
  4710 | Lair:5   | Killed from afar by a steam dragon

Illustrated notes

Levels and vault maps discovered:
D:1:      dpeg_arrival_tiny_c, layout_basic,
          dreamdust_ecumenical_altar_angels_and_demons, minmay_ruptured
D:2:      layout_rooms, uniq_natasha
D:3:      layout_basic, gammafunk_temple_overflow_claw
D:4:      layout_rooms, minmay_temple_entry_large_hall, uniq_eustachio
D:5:      layout_rooms, okawaru_altar_gauntlet_db, trog_ov_bears_minmay,
          kennysheep_slug_shrine, nicolae_uskayaw_suspiria, patterned_corridor
D:6:      layout_rooms, minmay_unpleasant_kobolds, uniq_crazy_yiuf_cottage
D:7:      layout_cave_pools, kennysheep_mini, minmay_crystal_room, uniq_joseph
D:8:      cheibrodos_fertilizer, layout_loops_ring, overflow_temple_1_default,
          overflow_temple_1_default, xom_redecorated
D:9:      layout_loops_ring, minmay_misc_feat_diagonals
D:10:     layout_cave_pods, mainiacjoe_overflow_concentric_impassable,
          mainiacjoe_overflow_alcove_4, erik_lair_island,
          hellmonk_bongcloud_opening, st_stairs_12
Lair:1:   layout_loops_ring, hibernation_bobbens
Lair:2:   layout_misc_corridors, minmay_shoals_entry_centaurs,
          guppyfry_snake_entry_island, grunt_forest_large_clearings,
          uniq_nergalle, uniq_erica, uniq_harold
Lair:3:   wad_woods_minihive, layout_chaotic_city
Lair:4:   beast_lair_carwin_large_2, layout_gridlike, minmay_lindwurm_lava
Lair:5:   guppyfry_lair_end_dragon, layout_small_grid, slime_entry_1,
          lemuel_oklob_altar

Skill      XL: |  1  2  3  4  5  6  7  8  9 10 11 12 13 |
---------------+----------------------------------------+-----
Staves         | 3 4 5 6 8 9 10 | 10.4
Armour         | 4 6 7 |  7.0
Dodging        | 4 6 9 11 | 11.7
Fighting       | 5 7 9 11 13 | 13.5
Polearms       | 4 7 |  7.8
Shields        | 5 10 11 | 11.3
Stealth        | |  1.0

Action                   |  1- 3 |  4- 6 |  7- 9 | 10-12 | 13-15 || total
-------------------------+-------+-------+-------+-------+-------++-------
Melee: Quarterstaff      |    54 |    72 |   303 |   323 |       ||   752
       Trident           |       |       |       |   299 |   230 ||   529
Invok: Curse Item        |     2 |     1 |     2 |     4 |     1 ||    10
       Shatter the Chain |       |       |       |     1 |       ||     1
Evoke: Wand              |       |     2 |     9 |       |       ||    11
  Use: Potion            |       |       |     2 |       |       ||     2
       Scroll            |       |       |       |     6 |     2 ||     8
 Stab: Distracted        |       |     1 |       |       |     1 ||     2
Armor: Scale mail        |    40 |    45 |   174 |   178 |    66 ||   503
       Skin              |       |       |    25 |       |       ||    25
Dodge: Dodged            |    21 |    46 |   194 |   318 |   100 ||   679
Block: Kite shield       |       |       |       |   204 |   190 ||   394

Table legend: (Time is in decaauts)
 A = Elapsed time spent in this place.
 B = Non-inter-level travel time spent in this place.
 C = Inter-level travel time spent in this place.
 D = Time resting spent in this place.
 E = Time spent auto-exploring this place.
 F = Levels seen in this place.
 G = Mean time per level.
                   A        B        C        D        E       F      G
               +--------+--------+--------+--------+--------+-----+--------+
         Total |   4433 |   4344 |     89 |     37 |   2137 |  15 |  295.5 |
       Dungeon |   3325 |   3241 |     84 |     37 |   1869 |  10 |  332.5 |
          Lair |   1107 |   1102 |      5 |      0 |    268 |   5 |  221.4 |
               +--------+--------+--------+--------+--------+-----+--------+

Top non-repeatable levels by time:
     D:9: 667 daAuts
    D:10: 471 daAuts
     D:7: 456 daAuts
  Lair:1: 416 daAuts
  Lair:2: 400 daAuts
     D:8: 337 daAuts
     D:4: 318 daAuts
     D:5: 290 daAuts
     D:3: 257 daAuts
     D:1: 204 daAuts
     D:2: 175 daAuts
     D:6: 147 daAuts
  Lair:3: 103 daAuts
  Lair:5: 95 daAuts
  Lair:4: 91 daAuts
